Map: Frozen Temple

Players

Rabid - Winner!

  • Race: Terran Terran

A.I. 1 (Very Hard)

  • Race: Protoss Protoss

VOD

Have the link to the VOD?

Description

Time

  • Played on: July 13, 2016, 1:47 a.m.
  • Length: 9:46
Show
View Real Time Build Order
Export as new Build Order

Rabid Terran - Winner!

Build Orders: Bio Tank 

Get SALT Encoding   

  12  0:01  SCV  
  13  0:13  SCV  
  14  0:18  Supply Depot  
  14  0:25  SCV  
  15  0:39  SCV  
  15  0:41  Barracks  
  16  0:45  Refinery  
  16  0:51  SCV  
  17  1:03  SCV  
  18  1:15  SCV  
  19  1:28  SCV  
  20  1:35  Command Center  
  20  1:42  SCV  
  20  1:44  Barracks Tech Lab  
  21  1:56  Orbital Command  
  21  2:23  Marauder  
  21  2:27  Supply Depot  
  21  2:29  Refinery  
  23  2:44  SCV  
  23  2:47  SCV  
  24  2:55  Marine  
  25  3:02  Factory  
  25  3:04  Factory  
  25  3:05  SCV  
  26  3:07  Orbital Command  
  26  3:17  SCV  
  26  3:18  Barracks  
  27  3:20  Barracks  
  27  3:29  SCV  
  27  3:31  Marauder  
  30  3:36  SCV  
  30  3:41  SCV  
  32  3:45  Factory Tech Lab  
  32  3:47  Factory Tech Lab  
  33  3:48  SCV  
  33  3:53  SCV  
  34  3:56  Supply Depot  
  34  4:00  SCV  
  35  4:05  Siege Tank x2  
  41  4:11  Marine  
  41  4:12  SCV, Marine x2  
  41  4:13  SCV  
  41  4:16  Refinery  
  46  4:17  Refinery  
  46  4:24  SCV  
  46  4:25  Supply Depot  
  46  4:26  SCV  
  48  4:31  Marine x2  
  48  4:33  Marauder  
  48  4:36  SCV  
  53  4:43  SCV  
  54  4:49  SCV  
  54  4:50  Supply Depot  
  55  4:53  Barracks Reactor  
  55  4:54  Barracks Reactor  
  55  4:55  SCV  
  55  4:58  Starport  
  56  5:03  Barracks  
  56  5:04  Siege Tank  
  59  5:07  SCV  
  59  5:10  SCV  
  59  5:12  Siege Tank  
  64  5:19  Supply Depot  
  64  5:23  Marine  
  64  5:26  SCV  
  66  5:34  Starport Reactor  
  66  5:41  Supply Depot, Marine x3  
  66  5:42  Marine  
  70  5:44  Marauder  
  70  5:45  Siege Tank x2  
  78  5:50  Supply Depot  
  78  5:56  SCV x2  
  81  6:06  Stimpack  
  81  6:08  SCV  
  81  6:09  SCV  
  81  6:11  Supply Depot  
  83  6:12  Barracks Reactor  
  83  6:13  Supply Depot  
  83  6:15  Barracks Tech Lab  
  83  6:16  Medivac x2  
  86  6:19  Marine x2  
  86  6:25  SCV  
  89  6:28  SCV  
  90  6:43  Supply Depot, SCV  
  90  6:45  Marine x3  
  90  6:46  Marine  
  95  6:48  Marauder x2  
  95  6:50  Medivac x2  
  95  6:52  Siege Tank  
  106  6:57  SCV  
  107  7:05  Command Center  
  107  7:11  Supply Depot  
  107  7:12  SCV  
  108  7:18  Concussive Shells  
  108  7:21  Marine x3  
  108  7:22  Marine  
  112  7:34  SCV  
  113  7:39  Marine  
  113  7:40  Marine x2  
  113  7:41  Marine  
  113  7:43  Marauder x2  
  113  7:44  Siege Tank x2  
  116  8:00  Marine x3  
  115  8:06  Combat Shields  
  115  8:17  Marine  
  115  8:19  Marine x3, Marauder x2  
  123  8:21  Medivac x2, Siege Tank x2  
  133  8:31  Orbital Command  
  133  8:40  Refinery  
  133  8:46  Marine x4  
  133  8:47  Marauder x2  
  141  8:51  Medivac x2  
  141  8:55  Supply Depot  
  145  9:01  SCV  
  146  9:03  Refinery  
  145  9:14  Marine x4  
  145  9:16  Marauder  
  149  9:17  Marauder  
  157  9:37  Supply Depot  
  157  9:38  Supply Depot  
  157  9:39  Supply Depot  
Show
View Real Time Build Order
Export as new Build Order

A.I. 1 (Very Hard) Protoss 

Build Orders: Zealot Archon 

Get SALT Encoding   

  12  0:01  Probe (Chrono Boost)  
  13  0:11  Probe (Chrono Boost)  
  14  0:21  Pylon  
  14  0:22  Probe (Chrono Boost)  
  15  0:39  Probe (Chrono Boost)  
  16  0:48  Assimilator  
  17  0:50  Probe (Chrono Boost)  
  17  0:51  Gateway  
  17  1:00  Probe (Chrono Boost)  
  17  1:01  Pylon  
  18  1:11  Probe (Chrono Boost)  
  19  1:21  Probe (Chrono Boost)  
  20  1:32  Probe (Chrono Boost)  
  21  1:38  Zealot  
  21  1:39  Gateway  
  21  1:43  Probe (Chrono Boost), Cybernetics Core  
  24  1:52  Pylon  
  25  1:55  Probe (Chrono Boost)  
  25  2:03  Zealot  
  25  2:06  Probe (Chrono Boost)  
  28  2:17  Warp Gate, Probe (Chrono Boost)  
  29  2:24  Adept  
  29  2:29  Adept  
  31  2:33  Gateway  
  33  2:42  Gateway  
  33  2:50  Stalker  
  33  2:55  Stalker  
  37  3:03  Pylon  
  38  3:06  Probe (Chrono Boost)  
  38  3:10  Assimilator  
  38  3:17  Probe (Chrono Boost)  
  38  3:19  Adept  
  39  3:22  Adept  
  43  3:29  Stalker  
  45  3:36  Stalker  
  47  3:45  Pylon  
  47  4:09  Nexus  
  48  4:10  Probe (Chrono Boost)  
  48  4:20  Probe (Chrono Boost)  
  49  4:31  Probe (Chrono Boost)  
  50  4:33  Robotics Facility  
  50  4:41  Probe (Chrono Boost)  
  51  4:52  Probe (Chrono Boost)  
  52  5:02  Probe (Chrono Boost)  
  53  5:13  Probe (Chrono Boost)  
  54  5:21  Adept x2  
  54  5:22  Probe (Chrono Boost)  
  54  5:24  Probe (Chrono Boost)  
  59  5:29  Robotics Bay  
  59  5:33  Observer, Probe (Chrono Boost)  
  62  5:36  Probe (Chrono Boost)  
  62  5:44  Robotics Facility, Probe (Chrono Boost)  
  62  5:45  Twilight Council  
  62  5:47  Probe (Chrono Boost)  
  64  5:55  Probe (Chrono Boost)  
  65  5:57  Probe (Chrono Boost)  
  65  6:03  Pylon  
  66  6:05  Probe (Chrono Boost)  
  66  6:07  Assimilator  
  66  6:08  Probe (Chrono Boost)  
  68  6:12  Assimilator  
  68  6:21  Probe x2 (Chrono Boost)  
  68  6:24  Pylon  
  70  6:27  Templar Archives  
  70  6:31  Probe (Chrono Boost)  
  72  6:33  Probe (Chrono Boost)  
  72  6:42  Zealot  
  72  6:43  Probe (Chrono Boost)  
  72  6:44  Probe (Chrono Boost)  
  76  6:47  Pylon  
  76  6:54  Probe (Chrono Boost)  
  77  6:58  Sentry  
  79  7:02  Forge  
  79  7:03  Stalker  
  79  7:04  High Templar x2  
  85  7:10  Pylon, Nexus  
  85  7:20  Stalker  
  87  7:25  Sentry  
  87  7:27  Archon  
  89  7:30  Pylon  
  89  7:34  High Templar  
  89  7:35  Forge  
  89  7:37  Stalker  
  93  7:44  Zealot  
  93  7:48  Zealot  
  93  7:51  Pylon  
  93  7:58  Zealot  
  65  8:02  Zealot  
  65  8:05  Zealot  
  63  8:06  Zealot  
  53  8:17  Sentry  
  53  8:21  Zealot  
  53  8:23  Zealot  
  53  8:25  High Templar  
  58  8:38  Zealot  
  58  8:40  Zealot  
  61  8:42  Zealot  
  61  8:47  Probe (Chrono Boost)  
  48  8:55  Zealot  
  38  8:57  Stalker  
  38  8:59  Probe (Chrono Boost), Adept  
  38  9:01  High Templar  
  36  9:10  Probe (Chrono Boost)  
  36  9:15  Stalker  
  21  9:18  Zealot  
  21  9:20  High Templar  
  21  9:22  Probe (Chrono Boost)  
  26  9:33  High Templar  
Tags
 
Add a new tag
Caveats
  • Supply blocks, unpowered buildings, or Contaminate may cause inaccurate times.
  • Supply counts are checked every 10 seconds.